 Dungeon Crawl Stone Soup version 0.29.1-2-gbd0b4ee654 (webtiles) character file.

Game seed: 5203801313802696433

2833 NinjaNoafa the Severer (level 9, -8/72 HPs)
             Began as a Hill Orc Fighter on Nov 17, 2022.
             Was an Initiate of Uskayaw.
             Mangled by Erica
             ... wielding a +3 scimitar of flaming
              (14 damage)
             ... on level 8 of the Dungeon.
             The game lasted 00:09:25 (7308 turns).

NinjaNoafa the Severer (Hill Orc Fighter)           Turns: 7308, Time: 00:09:27

Health: -8/72      AC: 17    Str: 21 (23) XL:     9   Next: 73%
Magic:  6/9        EV: 11    Int:  5 (8)  God:    Uskayaw [......]
Gold:   201        SH:  4    Dex:  9 (10) Spells: 8/8 levels left

rFire   . . .      SeeInvis .   a - +0 war axe
rCold   . . .      Faith    .   c - +0 buckler
rNeg    . . .      Spirit   .   o - +2 chain mail {rPois}
rPois   +          Reflect  .   z - +0 helmet
rElec   .          Harm     .   y - +0 cloak
rCorr   .          Rampage  .   s - +0 pair of gloves
Will    .....                   d - +1 pair of boots
Stlth   ..........              (no amulet)
HPRegen 0.22/turn               C - +4 ring of evasion
MPRegen 0.11/turn               b - +4 ring of slaying

@: flying, slowed, very slow
A: no striking features
a: Renounce Religion


You were on level 8 of the Dungeon.
You worshipped Uskayaw.
Uskayaw was noncommittal.
You visited 1 branch of the dungeon, and saw 8 of its levels.

You collected 201 gold pieces.

Inventory:

Hand Weapons
 a - a +0 war axe (weapon)
Missiles
 e - 7 poisoned darts (quivered)
 f - 68 stones
Armour
 c - a +0 buckler (worn)
 d - a +1 pair of boots (worn)
 o - a +2 chain mail of poison resistance (worn)
 s - a +0 pair of gloves (worn)
 y - a +0 cloak (worn)
 z - a +0 helmet (worn)
 J - the +5 ring mail of the Wild Haggis {rF- rC++ Int+4 Dex+4}
   (You found it on level 7 of the Dungeon)

   Int:       It affects your intelligence (+4).
   Dex:       It affects your dexterity (+4).
   rF:        It makes you vulnerable to fire.
   rC:        It greatly protects you from cold.
Jewellery
 b - a +4 ring of slaying (right hand)
 i - a ring of positive energy
 C - a +4 ring of evasion (left hand)
 E - a ring of flight
Wands
 K - a wand of flame (7)
Scrolls
 g - a scroll of noise {unknown}
 h - 12 scrolls of identify {unknown}
 j - 2 scrolls of fear {unknown}
 k - a scroll of torment {unknown}
 l - 2 scrolls of teleportation
 v - a scroll of vulnerability {unknown}
 D - a scroll of fog {unknown}
 H - a scroll of magic mapping {unknown}
Potions
 m - a potion of flight
 n - a potion of cancellation {unknown}
 p - a potion of curing
 q - a potion of resistance {unknown}
 t - a potion of berserk rage {unknown}
 u - a potion of lignification {unknown}
 w - 2 potions of degeneration
 x - 2 potions of mutation {unknown}
 A - 2 potions of brilliance {unknown}
 B - a potion of invisibility {unknown}
 F - a potion of might
 G - a potion of heal wounds {unknown}
 I - a potion of attraction {unknown}


   Skills:
 + Level 4.6 Fighting
 - Level 16.0 Axes
 + Level 4.2 Armour
 + Level 4.0 Shields


You had 8 spell levels left.
You didn't know any spells.
Your spell library contained the following spells:

 Spells                   Type           Power      Damage    Failure   Level
 Magic Dart               Conj           0%         1d3       99%         1
 Sandblast                Erth           0%         2d4       99%         1
 Slow                     Hex            0%         N/A       99%         1
 Call Imp                 Summ           0%         N/A       100%        2
 Passwall                 Tmut/Erth      0%         N/A       100%        2
 Searing Ray              Conj           0%         2d4       100%        2
 Confusing Touch          Hex            0%         N/A       100%        3
 Mephitic Cloud           Conj/Pois/Air  0%         N/A       100%        3
 Stone Arrow              Conj/Erth      0%         3d7       100%        3
 Vampiric Draining        Necr           0%         2d6       100%        3
 Fulminant Prism          Conj/Hex       0%         3d6       100%        4
 Iskenderun's Mystic Bla  Conj/Tloc      0%         2d3       100%        4
 Leda's Liquefaction      Hex/Erth       0%         N/A       100%        4
 Lee's Rapid Deconstruct  Erth           0%         3d5*      100%        5
 Statue Form              Tmut/Erth      0%         N/A       100%        6


Dungeon Overview and Level Annotations

Branches:
Dungeon (8/15)
 Temple: D:4-7         Lair: D:8-11

Altars:
Hepliaklqana
Okawaru
Uskayaw
Xom

Shops:
D:5 (

Annotations:
D:5 Grinder
D:8 Erica


Message History

Erica is heavily wounded.
Erica mumbles some strange words.
Erica flickers and vanishes!
Deactivating autopickup; reactivate with Ctrl-A.
The gnoll barely misses you.
You closely miss something. Something hits you. Something burns you.
The gnoll closely misses you.
You barely miss something.
You hear some strange, mumbled words.
A lance of force appears from out of thin air!
The lance of force misses you. The gnoll barely misses you.
You stomp with the beat, sending a shockwave through the revellers around you!
You can no longer stomp with the beat.
Something hits you. Something burns you. The gnoll hits you but does no damage.
You hear some strange, mumbled words.
Something tries to affect you, but you resist.
The gnoll hits you but does no damage.
You hit something.
You hear some strange, mumbled words.
A lance of force appears from out of thin air!
You block the lance of force.
The gnoll hits you from afar with a +0 spear.
You hit something. The gnoll hits you but does no damage.
You barely miss something. Something completely misses you.
The gnoll hits you but does no damage.
You barely miss something. Something hits you.
* * * LOW HITPOINT WARNING * * *
Something burns you.
* * * LOW HITPOINT WARNING * * *
The gnoll hits you from afar with a +0 spear.
* * * LOW HITPOINT WARNING * * *
Okay, then.
It was a potion of flight.
You feel very buoyant.
You fly up into the air.
Something hits you.
* * * LOW HITPOINT WARNING * * *
Something burns you.
* * * LOW HITPOINT WARNING * * *
The gnoll hits you but does no damage. Something hits you!
You die...

'...# #.....# ###.#
########'#.## ..#.#
#...≈(≈..[..#####
#.#.#
#.8.≈≈≈....)....#
#.#.#
#8_8..........#§#
#.#.#
#.8.≈≈≈......##.#
#.#.#
#...≈(≈ggg..###.#..#
#.#.# ########{####
#.#..# #.#.# #@#
#D#..# #.#.# #.#
#.#..# #.#.# #.#
#.#..# #.# #.#
#§#..# #.# #.#
#§#..######
#.############.#
#§#........
#..............#
#.##.######
################
#....# ####.#


You could see a gnoll bouda and 2 gnolls.

Vanquished Creatures
  A boulder beetle (D:6)
  A yak (D:6)
  A wyvern (D:7)
  A steam dragon (D:7)
  Edmund (D:5)
  A water moccasin (D:6)
  Duvessa (D:7)
  A sky beast (D:6)
  2 black bears
  A centaur (D:7)
  2 phantoms
  A necrophage (D:3)
  4 scorpions
  3 wights (D:8)
  Dowan (D:7)
  2 jellies (D:6)
  Crazy Yiuf (D:4)
  3 iguanas
  6 orc wizards
  A gnoll (D:8)
  6 adders
  A white imp (D:6)
  An ufetubus (D:5)
  A worm (D:2)
  4 dart slugs
  9 orcs
  5 ball pythons
  6 endoplasms
  4 giant cockroaches
  5 goblins
  5 hobgoblins
  7 jackals
  7 kobolds
  5 quokkas
  3 bats
  2 frilled lizards
  4 rats
110 creatures vanquished.

Vanquished Creatures (others)
  An ice beast (D:7)
  A gnoll (D:8)
2 creatures vanquished.

Grand Total: 112 creatures vanquished

Notes
Turn   | Place    | Note
-------+----------+-------------------------------------------
     0 | D:1      | NinjaNoafa the Hill Orc Fighter began the quest for the
                  | Orb.
     0 | D:1      | Reached XP level 1. HP: 19/19 MP: 1/1
    16 | D:1      | Reached skill level 3 in Axes
    61 | D:1      | Reached XP level 2. HP: 23/26 MP: 2/2
    69 | D:1      | Reached skill level 4 in Axes
   643 | D:1      | Reached XP level 3. HP: 31/31 MP: 3/3
  1310 | D:2      | Reached skill level 5 in Axes
  1313 | D:2      | Identified the +0 robe of Moral Flaws {Rampage}
  1359 | D:2      | Found a hazy altar of Hepliaklqana.
  1489 | D:2      | Noticed a phantom
  1515 | D:2      | Killed a phantom
  1516 | D:2      | Reached skill level 6 in Axes
  1516 | D:2      | Reached XP level 4. HP: 30/39 MP: 4/4
  1516 | D:2      | Reached XP level 5. HP: 35/45 MP: 5/5
  1612 | D:2      | Reached skill level 7 in Axes
  2087 | D:3      | Reached skill level 8 in Axes
  2087 | D:3      | Reached XP level 6. HP: 50/51 MP: 6/6
  2686 | D:4      | Noticed a black bear
  2692 | D:4      | Killed a black bear
  2693 | D:4      | Reached skill level 9 in Axes
  2900 | D:4      | Reached XP level 7. HP: 46/57 MP: 7/7
  3455 | D:4      | Found a runed translucent door.
  3456 | D:4      | Noticed Crazy Yiuf
  3626 | D:4      | Killed Crazy Yiuf
  3677 | D:5      | Entered Level 5 of the Dungeon
  3696 | D:5      | Reached skill level 10 in Axes
  4080 | D:5      | Noticed Grinder
  4081 | D:5      | Noticed a yak
  4086 | D:5      | Noticed a yak
  4088 | D:5      | Noticed a yak
  4162 | D:6      | Killed a yak
  4163 | D:6      | Reached skill level 11 in Axes
  4237 | D:6      | Reached XP level 8. HP: 57/64 MP: 8/8
  4309 | D:5      | Noticed Edmund
  4317 | D:5      | Killed Edmund
  4318 | D:5      | Reached skill level 12 in Axes
  4404 | D:5      | Found Mograd's Weapon Emporium.
  4580 | D:6      | Reached skill level 13 in Axes
  4606 | D:6      | Identified the +5 whip of Terra Cotta {freeze, *Rage rPois
                  | Will+ rCorr}
  4838 | D:6      | Noticed a boulder beetle
  4860 | D:6      | Killed a boulder beetle
  4861 | D:6      | Reached skill level 14 in Axes
  4861 | D:6      | Reached XP level 9. HP: 29/70 MP: 9/9
  5093 | D:6      | Reached skill level 15 in Axes
  5485 | D:7      | Noticed Dowan
  5486 | D:7      | Noticed Duvessa
  5494 | D:7      | Killed Duvessa
  5494 | D:7      | Killed Dowan
  5823 | D:7      | HP: 3/70 [steam dragon (2)]
  6214 | D:7      | Reached skill level 16 in Axes
  6262 | D:7      | Identified the +5 ring mail of the Wild Haggis {rF- rC++
                  | Int+4 Dex+4}
  6457 | D:7      | Found a shimmering altar of Xom.
  6466 | D:7      | Found a hide-covered altar of Uskayaw.
  6535 | D:7      | Became a worshipper of Uskayaw the Reveller
  6607 | D:8      | Found an iron altar of Okawaru.
  6614 | D:8      | Reached * piety under Uskayaw
  6638 | D:8      | Reached ** piety under Uskayaw
  6751 | D:8      | Noticed Erica
  6774 | D:8      | HP: 2/69 [something] (3)]
  7211 | D:8      | Reached *** piety under Uskayaw
  7308 | D:8      | Mangled by Erica

Illustrated notes

Levels and vault maps discovered:
D:1:      lemuel_arrival_broad_hall, layout_basic, serial_curves,
          eino_curves_04, eino_curves_04
D:2:      layout_rooms, basic_altar
D:3:      layout_loops_ring
D:4:      layout_gridville, serial_bayou_ford_a, chequers_big_river,
          minmay_misc_feat_rows, uniq_crazy_yiuf_cottage
D:5:      layout_loops_cross, mainiacjoe_overflow_catch_the_wave,
          minmay_temple_entry_statues_fountains, serial_shops,
          nicolae_shop_hallway_stairs, uniq_edmund, uniq_grinder
D:6:      layout_loops_ring
D:7:      layout_gridville, mainiacjoe_overflow_swirl, uniq_duvessa
D:8:      layout_basic, kennysheep_okawaru_gauntlet, kennysheep_doodads,
          blue_anna_alchemist, uniq_erica

Skill      XL: |  1  2  3  4  5  6  7  8  9 |
---------------+----------------------------+-----
Axes           | 3 4 6 8 9 11 14 16 | 16.0
Fighting       | 4 |  4.6
Armour         | 4 |  4.2
Shields        | 4 |  4.0

Action                   |  1- 3 |  4- 6 |  7- 9 || total
-------------------------+-------+-------+-------++-------
Melee: War axe           |   120 |    80 |   176 ||   376
Throw: Dart              |       |       |    13 ||    13
Invok: Stomp             |       |       |     1 ||     1
Evoke: Wand              |       |       |     2 ||     2
  Use: Potion            |       |     1 |     7 ||     8
       Scroll            |       |       |     1 ||     1
Armor: Scale mail        |    53 |       |       ||    53
       Chain mail        |    25 |    40 |   113 ||   178
Dodge: Dodged            |    77 |    30 |    84 ||   191
Block: Buckler           |    40 |    22 |    34 ||    96
